 Dungeon Crawl Stone Soup version 0.25-a0-635-g0c6c292ef3 (webtiles) character file.

Game seed: 15983461185973920782, levelgen mode: deterministic

88438 vishdafish the Hand of Fortune (level 15, -6/119 HPs)
             Began as a Demonspawn Skald on Mar 21, 2020.
             Was the Champion of Nemelex Xobeh.
             Mangled by a tengu reaver
             ... wielding a +2 great sword of protection
              (26 damage)
             ... on level 15 of the Dungeon.
             The game lasted 01:08:03 (33721 turns).

vishdafish the Hand of Fortune (Demonspawn Skald)  Turns: 33721, Time: 01:08:04

Health: -6/119     AC: 17    Str: 17    XL:     15   Next: 46%
Magic:  0/26       EV: 19    Int: 14    God:    Nemelex Xobeh [******]
Gold:   2227       SH:  0    Dex: 20    Spells: 25/26 levels left

rFire    + . .     SeeInvis +   a - +2 halberd (venom)
rCold    + + .     Gourm    .   (shield currently unavailable)
rNeg     . . .     Faith    +   Z - +3 ring mail of Integrity {rElec rPois Regen+ Dex+2}
rPois    +         Spirit   +   (helmet unavailable)
rElec    +         Reflect  .   u - scarf {rC+ rF+}
rCorr    .         Harm     .   (no gloves)
MR       +....                  O - +0 pair of boots
Stlth    +.........             N - amulet of faith
HPRegen  0.69/turn              I - +4 ring of dexterity
MPRegen  0.20/turn              K - +2 ring of protection

@: lethally poisoned (-6 -> -7)
A: antennae 3, icy blue scales 3, demonic guardian 2, poison resistance,
evolution 1, magic shield, subdued magic 1
a: Draw Escape, Draw Destruction, Draw Summoning, Triple Draw, Deal Four, Stack
Five, Renounce Religion


You were on level 15 of the Dungeon.
You worshipped Nemelex Xobeh.
Nemelex Xobeh was exalted by your worship.
You were very hungry.

You visited 3 branches of the dungeon, and saw 23 of its levels.
You also visited: Ice Cave.

You collected 3900 gold pieces.
You spent 1673 gold pieces at shops.

Inventory:

Hand Weapons
 a - a +2 halberd of venom (weapon)
Missiles
 R - 2 throwing nets (quivered)
Armour
 u - a scarf of resistance (worn)
 O - a +0 pair of boots (worn)
 T - the +4 scale mail "Byotioll" {rElec rC- Int+4}
   (You found it on level 4 of the Lair of Beasts)

   It affects your intelligence (+4).
   It makes you vulnerable to cold.
   It insulates you from electricity.
 Z - the +3 ring mail of Integrity (worn) {rElec rPois Regen+ Dex+2}
   (You found it on level 5 of the Lair of Beasts)

   It affects your dexterity (+2).
   It insulates you from electricity.
   It protects you from poison.
   It increases your rate of regeneration.
Jewellery
 b - an uncursed amulet of the acrobat {unknown}
 r - an uncursed ring of protection from magic
 v - an uncursed ring of wizardry
 x - an uncursed ring of protection from cold
 F - an uncursed ring of positive energy
 I - a +4 ring of dexterity (left hand)
 K - a +2 ring of protection (right hand)
 N - an amulet of faith (around neck)
 Q - a +2 ring of evasion
 S - an uncursed ring of protection from cold
 W - the ring "Keimos" {rCorr Int+2}
   (You found it on level 15 of the Dungeon)

   [ring of resist corrosion]

   It affects your intelligence (+2).
   It provides partial protection from all sources of acid and corrosion.
Wands
 A - a wand of random effects (15)
 G - a wand of digging (3)
 Y - a wand of paralysis (7)
Scrolls
 c - 10 scrolls of teleportation
 e - 5 scrolls of immolation
 f - 12 scrolls of remove curse
 g - a scroll of brand weapon {unknown}
 k - 2 scrolls of blinking
 q - 5 scrolls of noise
 t - 6 scrolls of enchant weapon
 y - 8 scrolls of magic mapping
 B - 3 scrolls of fear {unknown}
 D - a scroll of vulnerability {unknown}
 E - 5 scrolls of fog
 L - a scroll of enchant armour
 M - 2 scrolls of amnesia
 U - a scroll of identify
Potions
 h - 3 potions of might
 i - 6 potions of degeneration
 j - 4 potions of brilliance
 l - a potion of experience {unknown}
 m - 6 potions of flight
 n - 9 potions of curing
 o - 5 potions of invisibility
 p - 5 potions of lignification
 s - 5 potions of magic
 w - 8 potions of heal wounds
 z - 2 potions of ambrosia {unknown}
 C - 6 potions of berserk rage
 H - 2 potions of haste
 J - a potion of cancellation {unknown}
 P - 3 potions of stabbing
 V - 2 potions of resistance {unknown}
Comestibles
 d - 34 rations


   Skills:
 + Level 11.3 Fighting
   Level 2.5 Long Blades
 * Level 13.6 Polearms
 + Level 10.2 Armour
 + Level 10.3 Dodging
 - Level 6.4 Spellcasting
 - Level 3.0 Charms
 * Level 15.4 Invocations


You had 25 spell levels left.
You knew the following spells:

 Your Spells              Type           Power        Failure   Level  Hunger
a - Infusion              Chrm           #...         5%          1    None

Your spell library contained the following spells:

 Spells                   Type           Power        Failure   Level  Hunger
 Song of Slaying          Chrm           #.......     9%          2    #......
 Shroud of Golubria       Chrm/Tloc      #.....       17%         2    #......
 Animate Skeleton         Necr           N/A          21%         1    None
 Freeze                   Ice            #...         21%         1    None
 Magic Dart               Conj           #...         21%         1    None
 Pain                     Necr           #...         21%         1    None
 Sting                    Tmut/Pois      #...         21%         1    None
 Summon Small Mammal      Summ           #...         21%         1    None
 Call Imp                 Summ           #.......     32%         2    #......
 Poisonous Vapours        Pois/Air       #.....       32%         2    #......
 Searing Ray              Conj           #.....       32%         2    #......
 Ozocubu's Armour         Chrm/Ice       #.......     32%         3    ###....
 Spectral Weapon          Hex/Chrm       #.......     32%         3    ###....
 Call Canine Familiar     Summ           #.......     54%         3    ###....
 Dazzling Flash           Conj/Hex       #.....       54%         3    ###....
 Frozen Ramparts          Ice            #.....       54%         3    ###....
 Mephitic Cloud           Conj/Pois/Air  #.......     54%         3    ###....
 Portal Projectile        Hex/Tloc       #.....       54%         3    ###....
 Recall                   Summ/Tloc      N/A          54%         3    ###....
 Summon Guardian Golem    Hex/Summ       #.......     54%         3    ###....
 Teleport Other           Tloc           #.......     54%         3    ###....
 Vampiric Draining        Necr           #.........   54%         3    ###....
 Animate Dead             Necr           N/A          92%         4    ####...
 Fulminant Prism          Conj/Hex       #.........   92%         4    ####...
 Iskenderun's Mystic Bla  Conj/Tloc      #.......     92%         4    ####...
 Olgreb's Toxic Radiance  Pois           #.......     92%         4    ####...
 Summon Ice Beast         Ice/Summ       #.......     92%         4    ####...
 Summon Lightning Spire   Summ/Air       #.......     92%         4    ####...
 Agony                    Necr           #.......     99%         5    ######.
 Irradiate                Conj/Tmut      #.........   99%         5    ######.
 Lightning Bolt           Conj/Air       #.........   99%         5    ######.
 Hydra Form               Tmut           #.........   100%        6    #######
 Statue Form              Tmut/Erth      #........    100%        6    #######
 Dragon Form              Tmut           #.........   100%        7    #######


Dungeon Overview and Level Annotations

Branches:
Dungeon (15/15)            Temple (0/1) D:6            Lair (6/6) D:11
 Shoals (0/4) Lair:4       Spider (0/4) Lair:4        Slime (0/5) Lair:5
    Orc (2/2) D:9             Elf (0/3) Orc:2        Vaults (0/5) D:13
  IceCv (visited)
 Depths: D:15

Altars:
Cheibriados
Dithmenos
Fedhas
Kikubaaqudgha
Makhleb
Nemelex Xobeh
Qazlal
Ru
Sif Muna
Trog
Uskayaw
Yredelemnul
Zin

Shops:
D:5 %   D:6 [   D:15 !!   Orc:2 %%?*:

Annotations:
Lair:4 exclusion: 2 oklob plants


Innate Abilities, Weirdness & Mutations

You have a pair of large antennae on your head. (SInv)
You are completely covered in icy blue scales. (AC +4, rC+)
A demonic guardian rushes to your aid.
When hurt, damage is shared between your health and your magic reserves.
Your system is resistant to poisons. (rPois)
You evolve.
Your spells are a little easier to cast, but a little less powerful.


Message History

* * * LOW HITPOINT WARNING * * *
You are splashed with acid!
* * * LOW HITPOINT WARNING * * *
Your orange demon completely misses the tengu reaver.
You feel sick.
Your orange demon barely misses the tengu reaver.
Your orange demon completely misses the tengu reaver.
You draw... (choose one card, ? for their descriptions) a - Pain
b - the Storm c - Wild Magic You have drawn the Storm.
A mighty gale blasts forth from the card!
Your orange demon is blown away by the wind.
Your demonic guardian avoids your attack. x2
You hear violent peals of thunder!
You feel sick.
You hear a shout! x6
The tengu reaver hits you with a +2 great sword of protection!!
You die...
Your body glows with a rainbow of weird colours and disappears.

........#.#...#
......#4..+...#
..^.#.....#..##
..#.......####
..........#
.........##
...#...(###
..#.....Q†#
.......@#..#
.....#+##{..#
....# C.$# ≈...
.$## ≈.. (## ≈.
##


You could see a tengu reaver and a friendly orange demon.

Vanquished Creatures
  The ghost of Quyjis the Severer, a journeyman DDGl of Makhleb (Lair:4)
  An ettin (shapeshifter) (D:15)
  An ettin (D:13)
  An ice dragon (IceCv)
  2 vault guards (D:15)
  7 hydras
  A catoblepas (D:14)
  A queen ant (D:14)
  3 two-headed ogres
  2 centaur warriors
  A tengu warrior (D:15)
  A skeletal warrior (D:14)
  3 unseen horrors
  A deep troll (D:13)
  A wizard (D:15)
  A sea snake (Lair:5)
  A deep elf mage (D:14)
  2 orc knights (Orc:2)
  2 oklob plants (Lair:4)
  An orc sorcerer (Orc:2)
  11 elephants (Lair:6)
  2 ugly things
  3 cyclopes
  A manticore (D:15)
  A moth of wrath (Lair:5)
  A guardian serpent (D:15)
  4 black mambas
  An ice statue (IceCv)
  2 merfolk sirens (Lair:4)
  7 spiny frogs
  A centaur skeleton (D:14)
  A torpor snail (Lair:5)
  4 rime drakes
  An efreet (D:14)
  A tengu conjurer (D:15)
  6 komodo dragons
  A yaktaur (shapeshifter) (D:13)
  2 merfolk (Lair:4)
  3 jumping spiders (Lair:4)
  7 trolls
  3 meliai (D:13)
  4 polar bears
  A wind drake (Lair:5)
  3 blink frogs (Lair:4)
  4 slime creatures (D:14)
  5 hornets
  14 hippogriffs
  8 dream sheep
  4 redbacks (Lair:4)
  11 spriggans (Lair:6)
  A tarantella (shapeshifter) (D:14)
  Sigmund (D:6)
  A vampire (D:13)
  3 shadows
  6 wyverns
  A yak (shapeshifter) (D:15)
  6 wraiths
  4 hogs
  A human (D:8)
  2 vampire mosquitoes
  17 yaks
  A fire elemental (Lair:5)
  2 basilisks
  3 wargs
  A naga (shapeshifter) (D:13)
  An acid dragon (D:14)
  Duvessa (D:4)
  5 porcupines
  10 water moccasins
  2 floating eyes (D:15)
  12 ice beasts
  16 orc warriors
  3 eyes of draining
  A hornet zombie (D:14)
  6 sky beasts
  5 black bears
  8 ogres
  3 necrophages
  A phantom (D:11)
  14 centaurs
  8 boggarts
  25 wolves
  10 crocodiles
  Blork the orc (D:6)
  2 big kobolds
  15 bullfrogs
  A gnoll sergeant (D:12)
  4 scorpions
  14 killer bees
  3 howler monkeys
  3 wights
  2 electric eels (D:12)
  6 jellies
  5 crimson imps
  3 bullfrog zombies
  2 quasits
  2 centaur zombies
  3 hounds
  13 orc priests
  A bullfrog skeleton (D:12)
  4 iguanas
  23 orc wizards
  16 worker ants
  2 worker ant zombies
  A howler monkey skeleton (D:9)
  9 gnolls
  8 adders
  4 shadow imps
  An adder zombie (D:7)
  An adder skeleton (D:4)
  A worm (D:4)
  5 dart slugs
  4 leopard geckos
  75 orcs
  11 bats
  10 giant cockroaches
  5 goblins
  11 hobgoblins
  12 jackals
  13 kobolds
  7 quokkas
  A ball python (D:5)
  4 frilled lizards
  A leopard gecko zombie (D:8)
  A quokka skeleton (D:4)
  A quokka zombie (D:5)
  8 rats
  A bush (Lair:6)
  4 fungi
  12 plants
668 creatures vanquished.

Vanquished Creatures (collateral kills)
  Kirke (D:15)
  An ettin (IceCv)
  Josephine (D:13)
  A shambling mangrove (Lair:6)
  Erolcha (D:9)
  5 hydras
  A vault guard (D:15)
  A centaur warrior (Orc:2)
  3 two-headed ogres
  2 tengu warriors
  3 skeletal warriors (D:14)
  Pikel (D:8)
  2 manticores (D:13)
  Maurice (D:8)
  3 elephants (Lair:6)
  An ice statue (IceCv)
  An eye of devastation (Lair:5)
  A guardian serpent (shapeshifter) (D:13)
  2 spiny frogs
  A centaur skeleton (D:15)
  A rime drake (Lair:2)
  A troll (D:13)
  A queen bee (D:13)
  A tyrant leech (Lair:4)
  A wind drake (Orc:2)
  2 polar bears
  2 hornets (Lair:6)
  Prince Ribbit (D:6)
  3 spriggans (Lair:6)
  A water elemental (D:12)
  17 yaks
  A wraith (D:13)
  2 basilisks
  2 hogs
  A human (shapeshifter) (D:13)
  Menkaure (D:6)
  2 water moccasins
  3 porcupines
  7 orc warriors
  A black bear (Lair:6)
  3 ice beasts (IceCv)
  A slave (D:8)
  2 eyes of draining (D:5)
  A sky beast (shapeshifter) (D:13)
  A wolf (Lair:6)
  2 centaurs
  Dowan (D:4)
  3 killer bees (D:13)
  2 wights (D:8)
  A quasit (D:6)
  A hound (D:11)
  2 orc wizards
  3 gnolls
  A shadow imp (D:6)
  4 orcs
  A bat (D:3)
  A giant cockroach (D:3)
  A goblin (D:5)
  2 kobolds (D:14)
  2 quokkas (D:3)
  A bush (Lair:6)
  A fungus (Lair:4)
121 creatures vanquished.

Vanquished Creatures (others)
  Donald (Orc:2)
  A deep elf mage (D:15)
  A human (D:15)
  A polar bear (Lair:3)
  A blink frog (Lair:4)
  A wyvern (Lair:4)
  2 slaves (D:8)
  A black bear (Lair:3)
  2 orc warriors (Orc:2)
  A killer bee (Orc:2)
  2 ball lightnings
  4 orcs
  2 bushes (Lair:6)
  12 fungi
  19 plants
51 creatures vanquished.

Grand Total: 840 creatures vanquished

Notes
Turn   | Place    | Note
-------+----------+-------------------------------------------
     0 | D:1      | vishdafish the Demonspawn Skald began the quest for the
                  | Orb.
     0 | D:1      | Reached XP level 1. HP: 16/16 MP: 3/3
   249 | D:1      | Gained mutation: When hurt, damage is shared between your
                  | health and your magic reserves. [demonic ancestry]
   249 | D:1      | Reached XP level 2. HP: 18/22 MP: 5/5
   601 | D:1      | Reached skill level 1 in Armour
   706 | D:1      | Gained mutation: A weak demonic guardian rushes to your
                  | aid. [demonic ancestry]
   706 | D:1      | Reached XP level 3. HP: 24/28 MP: 6/6
  1256 | D:2      | Found a sparkling altar of Nemelex Xobeh.
  1269 | D:2      | Became a worshipper of Nemelex Xobeh the Trickster
  1287 | D:2      | Received a gift from Nemelex Xobeh
  1609 | D:3      | Found a basalt altar of Yredelemnul.
  1770 | D:3      | Gained mutation: You are partially covered in icy blue
                  | scales. (AC +2) [demonic ancestry]
  1770 | D:3      | Reached XP level 4. HP: 12/34 MP: 2/7
  1857 | D:3      | Found a shimmering blue altar of Sif Muna.
  2193 | D:3      | Reached XP level 5. HP: 13/41 MP: 4/9
  2304 | D:3      | Reached * piety under Nemelex Xobeh
  2686 | D:3      | Reached skill level 1 in Polearms
  2948 | D:4      | Gained mutation: You are mostly covered in icy blue scales.
                  | (AC +3) [demonic ancestry]
  2948 | D:4      | Reached XP level 6. HP: 46/47 MP: 8/10
  2979 | D:4      | Noticed a sky beast
  2995 | D:4      | Killed a sky beast
  3046 | D:4      | Received a gift from Nemelex Xobeh
  3130 | D:4      | Noticed Duvessa
  3131 | D:4      | Noticed Dowan
  3138 | D:4      | Killed Duvessa
  3139 | D:4      | Killed Dowan
  3504 | D:4      | Gained mutation: A demonic guardian rushes to your aid.
                  | [demonic ancestry]
  3504 | D:4      | Reached XP level 7. HP: 22/53 MP: 5/12
  4164 | D:5      | Entered Level 5 of the Dungeon
  4166 | D:5      | Found Wiarugub's Food Boutique.
  4269 | D:5      | Reached ** piety under Nemelex Xobeh
  4354 | D:5      | Received a gift from Nemelex Xobeh
  4586 | D:5      | Gained mutation: You have sharp fingernails. [potion of
                  | mutation]
  4586 | D:5      | Gained mutation: Your mind is acute. (Int +2) [potion of
                  | mutation]
  4587 | D:5      | Lost mutation: You have sharp fingernails. [potion of
                  | mutation]
  4587 | D:5      | Lost mutation: Your mind is acute. (Int +2) [potion of
                  | mutation]
  4587 | D:5      | Gained mutation: You are weak. (Str -2) [potion of
                  | mutation]
  4587 | D:5      | Gained mutation: You are somewhat resistant to further
                  | mutation. [potion of mutation]
  4700 | D:5      | Found a bloodstained altar of Trog.
  4856 | D:5      | Found a sacrificial altar of Ru.
  4862 | D:5      | Found a burning altar of Makhleb.
  4982 | D:6      | Found a staircase to the Ecumenical Temple.
  4988 | D:6      | Gained mutation: You have a pair of small antennae on your
                  | head. [demonic ancestry]
  4988 | D:6      | Reached XP level 8. HP: 51/61 MP: 11/14
  5046 | D:6      | Found Tyaxiugre's Armour Boutique.
  5137 | D:6      | Noticed Prince Ribbit
  5141 | D:6      | Killed Prince Ribbit
  5422 | D:6      | Received a gift from Nemelex Xobeh
  5498 | D:6      | Reached skill level 5 in Fighting
  5516 | D:6      | Reached skill level 5 in Polearms
  6005 | D:6      | Reached XP level 9. HP: 68/68 MP: 16/16
  6238 | D:6      | Noticed Blork the orc
  6250 | D:6      | Killed Blork the orc
  6250 | D:6      | Reached skill level 5 in Spellcasting
  6272 | D:6      | Noticed Menkaure
  6276 | D:6      | Killed Menkaure
  6289 | D:6      | Noticed Sigmund
  6290 | D:6      | Found a shadowy altar of Dithmenos.
  6301 | D:6      | Killed Sigmund
  6992 | D:7      | Reached skill level 5 in Dodging
  7158 | D:7      | Reached *** piety under Nemelex Xobeh
  7189 | D:7      | Lost mutation: You are somewhat resistant to further
                  | mutation. [potion of mutation]
  7189 | D:7      | Lost mutation: You are weak. (Str -2) [potion of mutation]
  7189 | D:7      | Gained mutation: Your mind is acute. (Int +2) [potion of
                  | mutation]
  7189 | D:7      | Gained mutation: Scrolls take you a little longer to read.
                  | [potion of mutation]
  7189 | D:7      | Gained mutation: You have a beak for a mouth. [potion of
                  | mutation]
  7574 | D:8      | Lost mutation: Your mind is acute. (Int +2) [potion of
                  | mutation]
  7574 | D:8      | Lost mutation: Scrolls take you a little longer to read.
                  | [potion of mutation]
  7574 | D:8      | Lost mutation: You have a beak for a mouth. [potion of
                  | mutation]
  7574 | D:8      | Gained mutation: Your spells are a little harder to cast,
                  | but a little more powerful. [potion of mutation]
  7574 | D:8      | Gained mutation: Your spells are harder to cast, but more
                  | powerful. [potion of mutation]
  7648 | D:8      | Noticed Maurice
  7997 | D:8      | Received a gift from Nemelex Xobeh
  8012 | D:8      | Found a stormy altar of Qazlal.
  8021 | D:8      | Found a glowing silver altar of Zin.
  8022 | D:8      | Found a blossoming altar of Fedhas.
  8024 | D:8      | Noticed Pikel
  8034 | D:8      | Killed Pikel
  8034 | D:8      | Reached skill level 5 in Armour
  8035 | D:8      | Found a hide-covered altar of Uskayaw.
  8413 | D:8      | Killed Maurice
  8413 | D:8      | Reached XP level 10. HP: 77/77 MP: 18/18
  9369 | D:8      | Noticed a two-headed ogre
  9370 | D:8      | Received a gift from Nemelex Xobeh
  9380 | D:8      | Killed a two-headed ogre
  9678 | D:8      | Found a snail-covered altar of Cheibriados.
  9679 | D:8      | Found an ancient bone altar of Kikubaaqudgha.
 10597 | D:10     | Entered Level 10 of the Dungeon
 10598 | D:10     | Reached **** piety under Nemelex Xobeh
 10932 | D:10     | Received a gift from Nemelex Xobeh
 11185 | D:10     | Found a hide-covered altar of Uskayaw.
 11266 | D:11     | Noticed a cyan ugly thing
 11281 | D:11     | Killed a red ugly thing
 11281 | D:11     | Reached skill level 1 in Invocations
 11475 | D:11     | Reached skill level 2 in Invocations
 11487 | D:11     | Lost mutation: Your spells are harder to cast, but more
                  | powerful. [potion of mutation]
 11487 | D:11     | Lost mutation: Your spells are a little harder to cast, but
                  | a little more powerful. [potion of mutation]
 11487 | D:11     | Gained mutation: Scrolls take you a little longer to read.
                  | [potion of mutation]
 11487 | D:11     | Gained mutation: Your spells are a little harder to cast,
                  | but a little more powerful. [potion of mutation]
 11682 | D:11     | Found a staircase to the Lair.
 11730 | D:11     | Killed an unseen horror
 11730 | D:11     | Reached skill level 3 in Invocations
 12155 | D:11     | Received a gift from Nemelex Xobeh
 12186 | D:11     | Gained mutation: You have a pair of antennae on your head.
                  | [demonic ancestry]
 12186 | D:11     | Reached XP level 11. HP: 82/82 MP: 20/20
 12227 | D:11     | Noticed a five-headed hydra
 12233 | D:11     | Killed a five-headed hydra
 12258 | D:11     | Noticed a two-headed ogre
 12263 | D:11     | Killed a two-headed ogre
 12263 | D:11     | Reached skill level 4 in Invocations
 12307 | D:11     | Reached ***** piety under Nemelex Xobeh
 12307 | D:11     | Received a gift from Nemelex Xobeh
 12958 | D:12     | Reached skill level 5 in Invocations
 13761 | D:12     | Received a gift from Nemelex Xobeh
 14086 | D:12     | Found a basalt altar of Yredelemnul.
 14209 | D:13     | Reached skill level 6 in Invocations
 14943 | D:13     | Noticed a tengu warrior
 14951 | D:13     | Killed a tengu warrior
 14996 | D:13     | Reached skill level 7 in Invocations
 15284 | D:13     | Noticed Josephine
 15288 | D:13     | Killed Josephine
 15462 | D:13     | Noticed a fire crab
 15463 | D:13     | a fire crab changed into a meliai
 15476 | D:13     | Reached XP level 12. HP: 73/94 MP: 16/21
 15506 | D:13     | Noticed an ettin
 15509 | D:13     | Reached skill level 8 in Invocations
 15514 | D:13     | Killed an ettin
 15514 | D:13     | Reached skill level 10 in Polearms
 15732 | D:13     | Found a gate to the Vaults.
 16611 | Lair:1   | Entered Level 1 of the Lair of Beasts
 16686 | Lair:1   | Received a gift from Nemelex Xobeh
 16776 | Lair:1   | Reached skill level 9 in Invocations
 16783 | Lair:1   | Noticed an eight-headed hydra
 16790 | Lair:1   | Killed an eight-headed hydra
 16995 | Lair:1   | Found a frozen archway.
 17004 | IceCv    | Entered an ice cave
 17679 | IceCv    | Noticed an ice dragon
 17679 | IceCv    | Noticed an ice dragon
 17717 | IceCv    | Killed an ice dragon
 17719 | IceCv    | Noticed an ettin
 17719 | IceCv    | an ice dragon changed into an ettin
 17720 | IceCv    | Killed an ettin
 17720 | IceCv    | Reached skill level 10 in Invocations
 18536 | Lair:1   | Received a gift from Nemelex Xobeh
 18547 | Lair:1   | Noticed a seven-headed hydra
 18556 | Lair:1   | Killed a seven-headed hydra
 19355 | Lair:2   | Received a gift from Nemelex Xobeh
 19543 | Lair:2   | Noticed an eight-headed hydra
 19544 | Lair:2   | Received a gift from Nemelex Xobeh
 19549 | Lair:2   | Killed an eight-headed hydra
 19615 | Lair:2   | Reached ****** piety under Nemelex Xobeh
 19711 | Lair:2   | Reached XP level 13. HP: 79/101 MP: 16/22
 19843 | Lair:2   | Received a gift from Nemelex Xobeh
 20638 | Lair:3   | Received a gift from Nemelex Xobeh
 20750 | Lair:3   | Received a gift from Nemelex Xobeh
 20993 | Lair:3   | Reached skill level 11 in Invocations
 21505 | Lair:4   | Got a jewelled scale mail
 21516 | Lair:4   | Identified the +4 scale mail "Byotioll" {rElec rC- Int+4}
                  | (You found it on level 4 of the Lair of Beasts)
 21516 | Lair:4   | Received a gift from Nemelex Xobeh
 21977 | Lair:4   | Found a runed translucent door.
 21977 | Lair:4   | Noticed Quyjis's ghost (journeyman DDGl)
 21980 | Lair:4   | Received a gift from Nemelex Xobeh
 21993 | Lair:4   | Killed Quyjis's ghost
 22132 | Lair:4   | Reached skill level 12 in Invocations
 22552 | Lair:4   | Found a staircase to the Shoals.
 22919 | Lair:4   | Received a gift from Nemelex Xobeh
 23294 | Lair:4   | Found a hole to the Spider Nest.
 23517 | Lair:5   | Reached skill level 10 in Fighting
 23743 | Lair:5   | Received a gift from Nemelex Xobeh
 23755 | Lair:5   | Found a staircase to the Slime Pits.
 23935 | Lair:5   | Received a gift from Nemelex Xobeh
 23937 | Lair:5   | Noticed a minotaur
 23937 | Lair:5   | a death yak changed into a minotaur
 23937 | Lair:5   | Noticed an emperor scorpion
 23937 | Lair:5   | a death yak changed into an emperor scorpion
 23937 | Lair:5   | Noticed an azure jelly
 23937 | Lair:5   | a death yak changed into an azure jelly
 23938 | Lair:5   | an emperor scorpion changed into a sea snake
 23938 | Lair:5   | a minotaur changed into an eye of devastation
 23938 | Lair:5   | an azure jelly changed into a torpor snail
 24851 | Lair:5   | Received a gift from Nemelex Xobeh
 24947 | Lair:6   | Entered Level 6 of the Lair of Beasts
 25000 | Lair:6   | Gained mutation: You are completely covered in icy blue
                  | scales. (AC +4, rC+) [demonic ancestry]
 25000 | Lair:6   | Reached XP level 14. HP: 45/110 MP: 13/23
 25463 | Lair:6   | Reached skill level 13 in Invocations
 28052 | Lair:6   | Received a gift from Nemelex Xobeh
 28840 | Lair:5   | Got a smelly ring mail
 28851 | Lair:5   | Identified the +3 ring mail of Integrity {rElec rPois
                  | Regen+ Dex+2} (You found it on level 5 of the Lair of
                  | Beasts)
 29112 | D:14     | Reached skill level 14 in Invocations
 29466 | D:14     | Received a gift from Nemelex Xobeh
 29866 | D:14     | Received a gift from Nemelex Xobeh
 30438 | D:14     | Received a gift from Nemelex Xobeh
 30961 | D:9      | Noticed Erolcha
 30967 | D:9      | Killed Erolcha
 31175 | D:9      | Found a stormy altar of Qazlal.
 31288 | D:9      | Found a staircase to the Orcish Mines.
 31379 | Orc:1    | Entered Level 1 of the Orcish Mines
 31413 | Orc:1    | Gained mutation: You have a pair of large antennae on your
                  | head. (SInv) [demonic ancestry]
 31413 | Orc:1    | Reached XP level 15. HP: 110/117 MP: 23/25
 31497 | Orc:2    | Entered Level 2 of the Orcish Mines
 31499 | Orc:2    | Received a gift from Nemelex Xobeh
 31564 | Orc:2    | Reached skill level 10 in Dodging
 31950 | Orc:2    | Noticed Donald
 31965 | Orc:2    | Killed Donald
 31975 | Orc:2    | Reached skill level 10 in Armour
 32254 | Orc:2    | Reached skill level 15 in Invocations
 32327 | Orc:2    | Received a gift from Nemelex Xobeh
 32395 | Orc:2    | Found Sexuhoess's Magic Scroll Emporium.
 32395 | Orc:2    | Found Ontob's Assorted Antiques.
 32397 | Orc:2    | Found Fexije's Book Boutique.
 32399 | Orc:2    | Found Lawuvozxai's Food Shoppe.
 32408 | Orc:2    | Bought a blue potion for 22 gold pieces
 32408 | Orc:2    | Bought a glowing blue potion for 22 gold pieces
 32425 | Orc:2    | Found a staircase to the Elven Halls.
 32514 | Orc:2    | Found Xazin's Food Boutique.
 32677 | Orc:2    | Received a gift from Nemelex Xobeh
 32765 | Orc:2    | Bought a scroll of acquirement for 884 gold pieces
 32770 | Orc:2    | Identified the +0 pair of boots of the Slorg {rF+ MR+
                  | Dex+3} (You acquired it on level 2 of the Orcish Mines)
 32770 | Orc:2    | Identified the amulet "Imairchuyn" {Regen+ Dex+2} (You
                  | acquired it on level 2 of the Orcish Mines)
 32780 | Orc:2    | Bought a scroll of identify for 34 gold pieces
 32780 | Orc:2    | Bought a scroll of identify for 34 gold pieces
 32979 | D:15     | Entered Level 15 of the Dungeon
 33177 | D:15     | Paralysed by a floating eye for 4 turns
 33292 | D:15     | Got a sparkling lead ring
 33295 | D:15     | Identified the ring "Zifi" {Ice *Corrode rElec rPois Int-4}
                  | (You found it on level 15 of the Dungeon)
 33510 | D:15     | Found Learain's Distillery.
 33524 | D:15     | Bought a potion of mutation for 136 gold pieces
 33524 | D:15     | Bought a potion of heal wounds for 85 gold pieces
 33524 | D:15     | Lost mutation: Scrolls take you a little longer to read.
                  | [potion of mutation]
 33524 | D:15     | Lost mutation: Your spells are a little harder to cast, but
                  | a little more powerful. [potion of mutation]
 33524 | D:15     | Gained mutation: Your spells are a little easier to cast,
                  | but a little less powerful. [potion of mutation]
 33524 | D:15     | Gained mutation: Your system is resistant to poisons.
                  | (rPois) [potion of mutation]
 33524 | D:15     | Gained mutation: You evolve. [potion of mutation]
 33537 | D:15     | Noticed Kirke
 33545 | D:15     | Killed Kirke
 33559 | D:15     | Identified Luvvisum's Papyrus of Cankerous Ice
 33597 | D:15     | Identified Loicapau's Collected Works on Translocation and
                  | Flight
 33621 | D:15     | Paralysed by a floating eye for 4 turns
 33656 | D:15     | Got a warped amber ring
 33658 | D:15     | Identified the ring "Keimos" {rCorr Int+2} (You found it on
                  | level 15 of the Dungeon)
 33672 | D:15     | Found Ucack's Distillery.
 33688 | D:15     | Bought a potion of flight for 57 gold pieces
 33688 | D:15     | Bought a potion of heal wounds for 95 gold pieces
 33688 | D:15     | Bought a potion of heal wounds for 95 gold pieces
 33688 | D:15     | Bought a potion of heal wounds for 95 gold pieces
 33688 | D:15     | Bought a potion of curing for 57 gold pieces
 33688 | D:15     | Bought a potion of curing for 57 gold pieces
 33715 | D:15     | Noticed a tengu reaver
 33721 | D:15     | Mangled by a tengu reaver

Levels and vault maps discovered:
D:1:      minmay_arrival_four_circles, layout_loops_ring, minmay_pentomino_w4
D:2:      layout_loops_cross, nemelex_xobeh_ov_fountains_minmay, first_ration
D:3:      wad_woods_stonehenge, layout_basic, led_sif_pool,
          portal_sewer_entry_d, uniq_crazy_yiuf_cottage
D:4:      layout_loops_corners, kennysheep_big_empty_room, uniq_duvessa
D:5:      layout_gridville, trog_eyes_of_draining,
          amethyst_overflow_temple_binary, serial_shops, kennysheep_mini
D:6:      layout_loops_ring, nicolae_dithmenos_through_a_glass_darkly,
          minmay_temple_entry_hall, serial_shops,
          nicolae_shop_competitors_out_of_business, uniq_sigmund,
          uniq_blork_the_orc, uniq_prince_ribbit1, uniq_menkaure
D:7:      layout_loops_ring, kennysheep_generic_room_13
D:8:      layout_layer_cave, grunt_temple_overflow_open,
          nicolae_overflow_crystal_walls, kennysheep_another_room,
          grunt_livestock, uniq_pikel, uniq_maurice
D:9:      minmay_recursive_quarters, layout_gridville, grunt_qazlal_clouds,
          uniq_erolcha
D:10:     layout_irregular_city, basic_altar
D:11:     layout_gridville, lair_entry_dummy, moated_statue
D:12:     layout_basic, basic_altar, minmay_hedge_maze
D:13:     layout_basic, david_vaults_4, special_room [special_room_bee],
          uniq_josephine
D:14:     layout_irregular_city, hangedman_decor_push
D:15:     hangedman_spin_cycle
Lair:1:   layout_regular_city, portal_ice_cave_entry_pillars_1,
          chequers_serial_rivers_micro_c, st_stairs_11
Lair:2:   layout_regular_city, grunt_megastairs_2, lemuel_fruit_tree
Lair:3:   beast_lair_carwin_large_2, layout_hall_layers,
          chequers_serial_rivers_small_b, grunt_megastairs_1
Lair:4:   layout_cave_pods, elwin_shoals_entry_stream,
          nicolae_spider_entry_tight_spaces, hellmonk_ghost_happy_afterlife,
          special_room [special_room_mythical_zoo], minmay_lair_oklob_chamber
Lair:5:   layout_gridlike, slime_dummy, hibernation_bobbens, grunt_megastairs_3,
          infiniplex_staircase_pool_2
Lair:6:   minmay_lair_end_enchanted_forest, layout_long_grid,
          minmay_lair_oklob_bushes
Orc:1:    layout_caves, statue_in_the_mist_lemuel, uniq_nergalle, uniq_snorg
Orc:2:    st_orc_rangers, layout_caves, serial_shops, shop_fountains,
          uniq_donald

Skill      XL: |  1  2  3  4  5  6  7  8  9 10 11 12 13 14 15 |
---------------+----------------------------------------------+-----
Long Blades    | 2 |  2.5
Charms         | 3 |  3.0
Armour         | 1 2 3 4 5 6 7 8 9 10 | 10.2
Dodging        | 2 3 4 5 6 7 8 9 10 | 10.3
Fighting       | 3 4 5 6 7 8 9 10 11 | 11.3
Spellcasting   | 3 4 5 6 |  6.4
Polearms       | 1 2 3 5 7 8 9 11 12 13 | 13.6
Invocations    | 3 7 10 12 14 15 | 15.4

Action                   |  1- 3 |  4- 6 |  7- 9 | 10-12 | 13-15 || total
-------------------------+-------+-------+-------+-------+-------++-------
Melee: Falchion          |   147 |    28 |       |       |       ||   175
       Spear             |       |   210 |   644 |  1142 |  1275 ||  3271
       Peck              |       |       |    10 |       |       ||    10
       Halberd           |       |       |       |       |   553 ||   553
Throw: Throwing net      |       |       |       |     3 |       ||     3
 Cast: Infusion          |     1 |       |       |       |       ||     1
Invok: Draw Summoning    |     1 |     1 |       |     3 |     6 ||    11
       Draw Destruction  |       |     1 |     6 |    36 |    73 ||   116
       Triple Draw       |       |       |       |       |     2 ||     2
       Deal Four         |       |       |       |       |     1 ||     1
       Draw Escape       |       |       |       |       |     1 ||     1
Evoke: Wand              |       |       |     1 |    30 |    46 ||    77
  Use: Scroll            |       |     8 |     3 |     5 |     7 ||    23
       Potion            |       |       |     4 |     5 |     1 ||    10
 Stab: Distracted        |       |     2 |     2 |     6 |    13 ||    23
       Confused          |       |       |     1 |       |       ||     1
       Paralysed         |       |       |       |       |    16 ||    16
       Petrified         |       |       |       |       |    12 ||    12
       Petrifying        |       |       |       |       |     1 ||     1
  Eat: Chunk             |     2 |     3 |    12 |    15 |    23 ||    55
       Ration            |     1 |       |     1 |     7 |     6 ||    15
Armor: Leather armour    |    15 |       |       |       |       ||    15
       Scale mail        |    84 |    95 |   238 |   337 |   363 ||  1117
       Ring mail         |       |       |       |       |   133 ||   133
Dodge: Dodged            |   104 |   101 |   248 |   527 |  1038 ||  2018
       Rpst.: Falchion   |    36 |     5 |       |       |       ||    41

Table legend:
 A = Non-vault XP
 B = Vault XP
 C = Vault XP percentage of total XP
 D = Non-vault monster count
 E = Vault monster count
 F = Vault count percentage of total count
                 A         B        C        D         E       F
            +---------+---------+-------+---------+---------+-------
      Total |   69459 |   56882 |  45.0 |     528 |     252 |  32.3
            +---------+---------+-------+---------+---------+-------
        D:1 |      43 |      17 |  28.3 |      21 |       8 |  27.6
        D:2 |      16 |       0 |   0.0 |       8 |       0 |   0.0
        D:3 |     239 |      37 |  13.4 |      37 |       9 |  19.6
        D:4 |     408 |     143 |  26.0 |      20 |       2 |   9.1
        D:5 |     245 |     239 |  49.4 |      17 |       5 |  22.7
        D:6 |    1530 |     597 |  28.1 |      55 |       4 |   6.8
        D:7 |     464 |       0 |   0.0 |      19 |       0 |   0.0
        D:8 |    2303 |    1536 |  40.0 |      39 |       7 |  15.2
        D:9 |    1347 |     861 |  39.0 |      16 |       5 |  23.8
       D:10 |     760 |       0 |   0.0 |      13 |       0 |   0.0
       D:11 |    4399 |       0 |   0.0 |      31 |       0 |   0.0
       D:12 |    1950 |       0 |   0.0 |      26 |       0 |   0.0
       D:13 |    5404 |    5964 |  52.5 |      22 |      27 |  55.1
       D:14 |   13389 |       0 |   0.0 |      48 |       0 |   0.0
       D:15 |       0 |   13097 | 100.0 |       0 |      34 | 100.0
     Lair:1 |    3568 |     486 |  12.0 |      10 |       2 |  16.7
     Lair:2 |    2180 |    1222 |  35.9 |       7 |       2 |  22.2
     Lair:3 |    2014 |    1451 |  41.9 |      11 |       8 |  42.1
     Lair:4 |    4582 |   10048 |  68.7 |      20 |      30 |  60.0
     Lair:5 |    6228 |     684 |   9.9 |      32 |       3 |   8.6
     Lair:6 |   15101 |    8591 |  36.3 |      43 |      48 |  52.7
      Orc:1 |     766 |       0 |   0.0 |       4 |       0 |   0.0
      Orc:2 |    2523 |    7197 |  74.0 |      29 |      38 |  56.7
      IceCv |       0 |    4712 | 100.0 |       0 |      20 | 100.0
            +---------+---------+-------+---------+---------+-------
